Map: [ESL] Hardwire

Players

Astrea

  • Race: Protoss Protoss

Bunny - Winner!

  • Race: Terran Terran

Event: IEM Katowice 2022

VOD

Have the link to the VOD?

Description

Time

  • Played on: Feb. 25, 2022, 5:32 a.m.
  • Length: 11:39

All games in this series

Show
View Real Time Build Order
Export as new Build Order

Astrea Protoss 

Build Orders:  

Get SALT Encoding   

  12  0:00  Probe  
  13  0:12  Probe  
  14  0:24  Probe  
  15  0:33  Pylon  
  15  0:51  Gateway, Probe  
  15  0:52  Gateway  
  16  0:57  Assimilator  
  16  1:03  Probe  
  17  1:07  Pylon  
  17  1:15  Probe  
  18  1:27  Probe  
  19  1:39  Probe (Chrono Boost)  
  20  1:40  Cybernetics Core  
  20  1:41  Assimilator  
  20  1:52  Probe (Chrono Boost)  
  21  1:57  Probe (Chrono Boost)  
  22  2:06  Probe  
  22  2:14  Stalker x2 (Chrono Boost)  
  22  2:15  Shield Battery  
  22  2:18  Probe, Warp Gate  
  27  2:23  Pylon  
  27  2:37  Stalker  
  27  2:40  Stalker  
  31  2:59  Robotics Facility  
  31  3:05  Probe  
  32  3:15  Assimilator  
  32  3:16  Gateway  
  32  3:17  Gateway  
  32  3:29  Stalker  
  36  3:40  Pylon  
  36  3:42  Warp Prism (Chrono Boost)  
  36  4:13  Observer  
  36  4:14  Stalker x3  
  43  4:18  Stalker  
  45  4:34  Observer  
  45  4:43  Observer  
  45  4:52  Nexus, Probe  
  44  4:59  Sentry  
  46  5:02  Pylon  
  46  5:04  Probe  
  46  5:18  Probe (Chrono Boost)  
  45  5:21  Robotics Bay  
  45  5:23  Observer  
  47  5:29  Probe (Chrono Boost)  
  47  5:33  Probe (Chrono Boost)  
  48  5:39  Sentry  
  50  5:44  Probe (Chrono Boost)  
  50  5:49  Nexus  
  51  5:53  Probe (Chrono Boost)  
  51  5:57  Observer  
  52  6:03  Stalker  
  52  6:04  Probe  
  55  6:06  Probe  
  56  6:16  Probe, Disruptor (Chrono Boost)  
  56  6:18  Probe  
  58  6:20  Observer  
  61  6:28  Probe  
  61  6:29  Pylon  
  62  6:33  Probe  
  62  6:39  Observer  
  63  6:40  Probe  
  63  6:44  Disruptor, Observer  
  63  6:45  Probe (Chrono Boost)  
  68  6:51  Twilight Council  
  68  6:53  Assimilator  
  69  6:56  Pylon  
  69  6:57  Probe x2 (Chrono Boost)  
  70  7:06  Probe (Chrono Boost)  
  70  7:07  Probe (Chrono Boost)  
  72  7:09  Stalker x2  
  75  7:16  Pylon  
  73  7:23  Probe  
  73  7:27  Probe x2  
  76  7:35  Probe  
  77  7:39  Probe x2  
  79  7:44  Blink (Chrono Boost)  
  79  7:46  Forge  
  79  7:47  Probe  
  79  7:50  Pylon  
  79  7:51  Probe x2  
  81  7:59  Probe  
  81  8:03  Probe x2  
  84  8:11  Probe  
  91  8:14  Pylon x2  
  91  8:15  Probe x2  
  91  8:16  Protoss Ground Weapons Level 1 (Chrono Boost)  
  93  8:23  Shield Battery, Probe  
  93  8:24  Assimilator  
  94  8:27  Probe  
  94  8:31  Zealot  
  97  8:40  Probe  
  98  8:53  Zealot x2  
  102  8:57  Pylon, Gateway  
  102  8:58  Gateway  
  102  9:00  Robotics Facility  
  102  9:02  Gateway  
  96  9:05  Gateway  
  96  9:08  Gateway  
  96  9:10  Gateway  
  96  9:11  Pylon  
  96  9:12  Gateway  
  96  9:15  Assimilator  
  96  9:17  Assimilator  
  93  9:45  Colossus (Chrono Boost)  
  93  9:52  Nexus  
  89  10:07  Pylon  
  89  10:08  Pylon  
  89  10:09  Pylon  
  89  10:10  Pylon  
  89  10:13  Pylon  
  79  10:29  Stalker x3  
  79  10:30  Stalker x4  
  88  10:47  Disruptor (Chrono Boost)  
  91  10:54  Stalker x5  
  91  10:55  Stalker x2  
  89  11:22  Stalker x5  
Show
View Real Time Build Order
Export as new Build Order

Bunny Terran - Winner!

Build Orders:  

Get SALT Encoding   

  12  0:00  SCV  
  13  0:12  SCV  
  14  0:17  Supply Depot  
  14  0:24  SCV  
  15  0:39  SCV, Barracks  
  15  0:42  Refinery  
  16  0:51  SCV  
  17  0:57  Barracks  
  17  1:03  SCV  
  18  1:15  SCV  
  19  1:26  Reaper  
  19  1:28  Orbital Command  
  19  1:31  Supply Depot  
  20  1:44  Reaper  
  21  1:53  SCV  
  22  2:02  Reaper  
  22  2:05  SCV  
  24  2:10  Command Center  
  24  2:16  Marine  
  24  2:20  SCV  
  26  2:26  Bunker  
  26  2:28  Command Center  
  26  2:33  Marine  
  26  2:35  Supply Depot  
  27  2:37  SCV  
  27  2:39  Marine  
  29  2:55  SCV  
  29  2:58  Marine x2, Factory  
  28  3:05  Refinery  
  30  3:07  SCV  
  31  3:15  Supply Depot  
  31  3:16  Marine x2  
  33  3:22  SCV  
  34  3:34  SCV, Marine x2  
  34  3:37  Supply Depot  
  37  3:41  Factory Tech Lab  
  37  3:42  Orbital Command  
  37  3:47  SCV  
  38  3:52  Marine x2  
  40  4:00  Cyclone  
  40  4:02  SCV  
  44  4:07  Starport  
  44  4:09  Marine  
  44  4:11  Marine  
  45  4:17  Bunker  
  45  4:27  Marine  
  45  4:28  Marine  
  47  4:36  Siege Tank  
  40  4:50  Marine x2  
  40  4:51  Viking  
  42  5:08  Marine x2  
  44  5:16  Siege Tank  
  44  5:20  SCV  
  44  5:21  SCV  
  47  5:22  Supply Depot  
  47  5:31  Marine x2  
  49  5:39  Medivac  
  49  5:40  SCV  
  52  5:42  Orbital Command  
  52  5:49  Marine x2  
  54  5:59  SCV  
  54  6:02  Siege Tank  
  58  6:11  SCV x2  
  58  6:13  Starport Tech Lab  
  59  6:23  SCV x2  
  59  6:24  Barracks Reactor, Barracks Tech Lab  
  61  6:32  Engineering Bay  
  61  6:33  Refinery  
  61  6:35  SCV  
  61  6:36  SCV  
  60  6:44  Stimpack, Marine  
  61  6:47  Barracks  
  61  6:48  SCV  
  61  6:49  SCV  
  61  6:53  Bunker  
  63  7:01  SCV x2, Siege Tank  
  65  7:02  Marine  
  69  7:09  Marine  
  69  7:13  Starport Reactor  
  70  7:16  Supply Depot  
  70  7:17  Marine  
  69  7:24  SCV  
  69  7:26  Supply Depot  
  69  7:28  Supply Depot  
  70  7:30  Refinery  
  70  7:31  Terran Infantry Weapons Level 1  
  70  7:34  Supply Depot  
  70  7:35  Combat Shield  
  70  7:38  SCV  
  70  7:39  SCV  
  70  7:42  Marine x3  
  75  7:45  Marine  
  75  7:50  SCV  
  75  7:51  SCV  
  78  7:53  Medivac  
  78  7:57  Medivac  
  82  8:01  Supply Depot  
  82  8:04  SCV x2  
  81  8:07  Marauder  
  81  8:11  Marine, Marauder  
  81  8:12  Marine  
  87  8:21  Siege Tank  
  87  8:23  SCV  
  87  8:24  Supply Depot  
  91  8:28  Marine, Concussive Shells  
  92  8:39  Marauder  
  93  8:43  Marine x2  
  93  8:44  Medivac  
  93  8:45  Medivac  
  93  8:47  Marauder  
  101  8:53  Widow Mine  
  103  8:58  SCV x2  
  105  9:13  Command Center  
  105  9:14  Widow Mine, Marauder x2  
  105  9:16  Marine x2  
  113  9:19  Supply Depot x2  
  113  9:25  Terran Infantry Armor Level 1  
  112  9:39  Marine x2, Marauder x2  
  112  9:40  Siege Tank  
  121  9:50  Medivac  
  121  9:51  Supply Depot  
  123  9:55  Medivac  
  123  9:58  Marine x2  
  125  10:08  Marauder x2  
  125  10:14  Siege Tank  
  132  10:15  Marine  
  132  10:16  Marine  
  132  10:20  Medivac  
  131  10:29  Marine, Marauder  
  131  10:38  Marine x2  
  130  10:46  Siege Tank  
  130  10:47  Marauder  
  135  10:51  Marauder  
  137  10:57  Barracks  
  137  11:00  Barracks  
  137  11:10  Marauder  
  133  11:12  Marauder, Marine x2  

Tags
 
Add a new tag
Caveats
  • Supply blocks, unpowered buildings, or Contaminate may cause inaccurate times.
  • Supply counts are checked every 10 seconds.